 Dungeon Crawl Stone Soup version 0.28.0-62-gf88900778d (webtiles) character file.

Game seed: 18252650462930926063

81 cbfl8 the Chopper (level 4, -4/52 HPs)
             Began as a Demonspawn Berserker on Apr 13, 2024.
             Was a Believer of Trog.
             Slain by a sky beast (6 damage)
             ... on level 3 of the Dungeon.
             The game lasted 00:01:47 (3185 turns).

cbfl8 the Chopper (Demonspawn Berserker)            Turns: 3185, Time: 00:01:48

Health: -4/52      AC:  2    Str: 17    XL:     4   Next: 20%
Magic:  4/4        EV: 12    Int:  8    God:    Trog [**....]
Gold:   115        SH:  4    Dex: 15    Spells: 3/3 levels left

rFire   + . .      SeeInvis .   n - +0 war axe
rCold   . . .      Faith    .   (no shield)
rNeg    . . .      Spirit   .   b - +0 animal skin
rPois   .          Reflect  .   (no helmet)
rElec   .          Harm     .   (no cloak)
rCorr   .          Rampage  .   (no gloves)
Will    .....                   (no boots)
Stlth   ..........              (no amulet)
HPRegen 0.17/turn               h - ring of protection from fire
MPRegen 0.09/turn               (no ring)

@: berserking (expiring), very quick
A: condensation shield
a: Renounce Religion, Berserk, Trog's Hand


You were on level 3 of the Dungeon.
You worshipped Trog.
Trog was pleased with you.
You visited 1 branch of the dungeon, and saw 3 of its levels.

You collected 115 gold pieces.

Inventory:

Hand Weapons
 n - a +0 war axe (weapon)
Armour
 b - a +0 animal skin (worn)
Jewellery
 h - a ring of protection from fire (left hand)
Scrolls
 a - 2 scrolls of identify {unknown}
 c - a scroll of enchant weapon {unknown}
 d - a scroll of fog {unknown}
 e - a scroll of blinking {unknown}
 g - a scroll of torment {unknown}
 i - a scroll of acquirement {unknown}
 j - a scroll of fear {unknown}
 k - a scroll of teleportation {unknown}
 o - a scroll of vulnerability {unknown}
Potions
 f - 2 potions of ambrosia {unknown}
 l - 3 potions of attraction {unknown}
 m - 3 potions of curing {unknown}


   Skills:
 + Level 3.5 Fighting
 + Level 3.5 Axes
 + Level 1.9 Armour
 - Level 1.7 Dodging
 + Level 0.5 Shields
 * Level 1.8 Evocations


You had 3 spell levels left.
You didn't know any spells.
Your spell library was empty.

Dungeon Overview and Level Annotations

Branches:
Dungeon (3/15)

Altars:
Yredelemnul


Innate Abilities, Weirdness & Mutations

A meltable shield of frost defends you. (SH +4)


Message History

You hit the giant cockroach.
You kill the giant cockroach!
Trog accepts your kill.
Found a spear.
No target in view!
You see here a +0 spear.
Found a stone staircase leading up.
No target in view!
A sky beast comes into view.
Found a stone staircase leading down.
A sky beast is nearby!
There is a stone staircase leading down here.
A sky beast is nearby!
You barely miss the sky beast. The sky beast hits you.
The sky beast shocks you.
A sky beast is nearby!
You closely miss the sky beast. The sky beast misses you.
A sky beast is nearby!
You slash the sky beast!
The sky beast is moderately wounded.
The sky beast closely misses you.
The sky beast flickers out of sight!
Deactivating autopickup; reactivate with Ctrl-A.
Something hits you. Something shocks you.
You are too injured to fight recklessly!
You are too injured to fight recklessly!
A red film seems to cover your vision as you go berserk!
You feel yourself moving faster!
You feel mighty! Something hits you. Something shocks you.
You miss something. Something hits you. Something shocks you.
* * * LOW HITPOINT WARNING * * *
You closely miss something. You miss something.
Something completely misses you.
You miss something. Something hits you.
* * * LOW HITPOINT WARNING * * *
Something shocks you.
* * * LOW HITPOINT WARNING * * *
You barely miss something. Something hits you.
* * * LOW HITPOINT WARNING * * *
Something shocks you.
You die...

#..............#
######.#..####..
##.#.# ### #<#.#
#.#.# #.#.#
#.#.# #.#.######
#..@{..#
######.#


There were no monsters in sight!

Vanquished Creatures
  A gnoll (D:1)
  An adder (D:3)
  A worm (D:2)
  A dart slug (D:1)
  5 orcs (D:3)
  6 bats
  6 endoplasms
  A giant cockroach (D:3)
  3 goblins
  2 hobgoblins
  4 jackals (D:1)
  A quokka (D:1)
  2 ball pythons (D:1)
  2 frilled lizards
  6 kobolds
  7 rats
49 creatures vanquished.

Notes
Turn   | Place    | Note
-------+----------+-------------------------------------------
     0 | D:1      | cbfl8 the Demonspawn Berserker began the quest for the Orb.
     0 | D:1      | Reached XP level 1. HP: 18/18 MP: 1/1
   244 | D:1      | Gained mutation: A meltable shield of frost defends you.
                  | (SH +4) [demonic ancestry]
   244 | D:1      | Reached XP level 2. HP: 24/24 MP: 2/2
   616 | D:1      | Reached skill level 1 in Evocations
   705 | D:1      | Reached XP level 3. HP: 27/29 MP: 3/3
   734 | D:1      | Found a faded altar of an unknown god.
  1994 | D:2      | Reached ** piety under Trog
  2380 | D:2      | Found a basalt altar of Yredelemnul.
  2796 | D:3      | Reached XP level 4. HP: 19/35 MP: 4/4
  3174 | D:3      | Noticed a sky beast
  3185 | D:3      | HP: 2/52 [something (3)]
  3185 | D:3      | Slain by a sky beast

Illustrated notes

Levels and vault maps discovered:
D:1:      lightli_arrival_flooded_house, layout_basic,
          shapermc_ecumenical_altar_mp_vishouse
D:2:      layout_basic, basic_altar
D:3:      layout_loops_ring, minmay_misc_feat_doors

Skill      XL: |  1  2 |
---------------+-------+-----
Axes           | 3 |  3.5
Evocations     | 1 |  1.8
Fighting       | |  3.5
Armour         | |  1.9
Dodging        | |  1.7
Shields        | |  0.5

Action                   |  1- 3 |  4- 6 || total
-------------------------+-------+-------++-------
Melee: Hand axe          |   122 |       ||   122
       War axe           |     9 |    23 ||    32
       Punch             |     1 |       ||     1
Invok: Berserk           |     1 |     1 ||     2
 Stab: Sleeping          |     5 |       ||     5
Armor: Animal skin       |    14 |       ||    14
Dodge: Dodged            |    70 |    14 ||    84
Block: Other             |    28 |     4 ||    32
